 Dungeon Crawl Stone Soup version 0.18-a0-1468-gaf180a1 (webtiles) character file.

737 namelastname112 the Martial Artist (level 7, 44/57 HPs)
             Began as a Purple Draconian Monk on Mar 1, 2016.
             Quit the game on level 4 of the Dungeon.
             The game lasted 00:06:23 (3287 turns).

namelastname112 the Martial Artist (DrMo)           Turns: 3287, Time: 00:06:23

Health: 44/57      AC:  7    Str: 14    XL:     7   Next: 46%
Magic:  7/7        EV: 13    Int: 12    God:
Gold:   196        SH:  0    Dex: 15    Spells: 0 memorised, 6 levels left

rFire  . . .     SeeInvis .       - Unarmed
rCold  . . .     Gourm    .     (armour unavailable)
rNeg   . . .     Faith    +     (no shield)
rPois  .         Spirit   .     (helmet restricted)
rElec  .         Dismiss  .     c - +0 cloak
rCorr  .         Reflect  .     (no gloves)
SustAt .         Harm     .     (no boots)
MR     +....                    q - amulet of faith
Stlth  ++........               (no ring)
                                (no ring)

@: somewhat resistant to hostile enchantments, unstealthy
A: breathe power, unfitting armour, clever 1, regeneration 1, screaming 1,
evolution 1, cold-blooded, AC +6
a: Breathe Dispelling Energy


You were on level 4 of the Dungeon.
You were very hungry.

You visited 1 branch of the dungeon, and saw 4 of its levels.
You also visited: Sewer.

You collected 213 gold pieces.
You donated 17 gold pieces to Zin.

Inventory:

Hand Weapons
 o - a +0 blowgun
Missiles
 n - 50 poisoned needles
Armour
 c - a +0 cloak (worn)
Jewellery
 q - an amulet of faith (around neck)
 z - a cursed +3 ring of intelligence {unknown}
Scrolls
 b - 4 scrolls of remove curse {unknown}
 f - 5 scrolls of teleportation {unknown}
 g - 4 scrolls of enchant weapon {unknown}
 h - a scroll of enchant armour {unknown}
 i - 3 scrolls of identify {unknown}
 j - a scroll of fear {unknown}
 l - a scroll of amnesia {unknown}
 s - a scroll of random uselessness {unknown}
 u - a scroll of blinking {unknown}
 w - a scroll of fog {unknown}
 y - a scroll of magic mapping {unknown}
Potions
 d - a potion of might {unknown}
 e - a potion of brilliance {unknown}
 m - a potion of cancellation {unknown}
 r - a potion of ambrosia {unknown}
 t - a potion of flight {unknown}
 v - a potion of haste {unknown}
 x - 2 potions of curing {unknown}
Comestibles
 a - 5 bread rations
 k - a beef jerky
 p - a meat ration


   Skills:
 - Level 3.2 Fighting
 - Level 2.6 Dodging
 - Level 1.7 Stealth
 + Level 9.3 Unarmed Combat


You had 6 spell levels left.
You didn't know any spells.

Dungeon Overview and Level Annotations

Branches:
Dungeon (4/15)
 Temple: D:4-7

Altars:
Vehumet
Zin
The Shining One


Innate Abilities, Weirdness & Mutations

You can breathe bolts of dispelling energy.
Your rich purple scales are hard (AC +6).
Your body does not fit into most forms of armour.
You are cold-blooded and may be slowed by cold attacks.
Your mind is acute. (Int +2)
Your natural rate of healing is unusually fast.
You occasionally shout uncontrollably at your foes.
You evolve.


Message History

Found an escape hatch in the ceiling.
You barely miss the ogre. The ogre hits you with a giant club!!
You hit the ogre.
The ogre is lightly wounded.
The ogre hits you with a giant club!
* * * LOW HITPOINT WARNING * * *
You are too injured to fight recklessly!
You are too injured to fight recklessly!
You are too injured to fight recklessly!
You punch the ogre!
The ogre is heavily wounded.
You punch the ogre!
The ogre is almost dead.
The ogre barely misses you.
You hit the ogre.
You kill the ogre!
You see here a giant club.
You start resting.
You are feeling very hungry.
Are you sure you want to abandon this character and quit the game? (Confirm with "yes".)

#.# #.#### #.# #.#
#.# #.####### #.# #.#
#.......# #.## #.#
#######.# ... ..# #.#
#.# #.# #.# #.### #.
#.#
....#####.###########
#.#
..........<.....@...#
#.#
##...#.....########.#
#[# #...# #.# #†#
#...# #.# #.#
##...#.# #.# ##.##
.....#.# #.# ####...#
##..#..# #.# #......#
....#.## #÷# #.##...#
##.##.### #.#
#.######


There were no monsters in sight!

Vanquished Creatures
  A sky beast (D:4)
  Purgy (Sewer)
  An ogre (D:4)
  2 scorpions (D:4)
  A hound (D:4)
  An orc priest (D:4)
  A centaur skeleton (D:4)
  A giant frog skeleton (D:4)
  Terence (D:2)
  2 orc wizards (D:4)
  7 adders
  2 oozes
  2 adder skeletons (D:4)
  5 worms
  2 dart slugs (D:1)
  3 giant geckos
  3 orcs (D:4)
  3 ball pythons
  3 giant cockroaches
  9 goblins
  7 hobgoblins
  2 jackals (D:4)
  2 quokkas (D:3)
  7 bats
  10 giant newts
  9 kobolds
  9 rats
97 creatures vanquished.

Notes
Turn   | Place    | Note
--------------------------------------------------------------
     0 | D:1      | namelastname112 the Draconian Monk began the quest for the Orb.
     0 | D:1      | Reached XP level 1. HP: 19/19 MP: 1/1
     2 | D:1      | Noticed an ogre
     2 | D:1      | Noticed a dwarf
     4 | D:1      | Noticed a draconian
     6 | D:1      | Noticed a halfling
     6 | D:1      | Noticed a merfolk
     8 | D:1      | Noticed a tengu
     8 | D:1      | Noticed a vine stalker
    10 | D:1      | Noticed an elf
    10 | D:1      | Noticed a minotaur
    12 | D:1      | Noticed a gargoyle
    12 | D:1      | Noticed a felid
    14 | D:1      | Noticed a demigod
    16 | D:1      | Noticed a centaur
    16 | D:1      | Noticed a human
    18 | D:1      | Noticed a vampire
    20 | D:1      | Noticed a formicid
    20 | D:1      | Noticed a ghoul
    22 | D:1      | Noticed a demonspawn
    24 | D:1      | Noticed a spriggan
    24 | D:1      | Noticed a troll
    26 | D:1      | Noticed a naga
    26 | D:1      | Noticed an octopode
   137 | D:1      | xeno23: люблю это начало
   149 | D:1      | Reached XP level 2. HP: 20/26 MP: 2/2
   150 | D:1      | xeno23: выставка видов
   150 | D:1      | namelastname112: мне больше с оофами нравится
   584 | D:2      | Found a faded altar to an unknown god.
   593 | D:2      | Reached skill level 5 in Unarmed Combat
   599 | D:2      | Became a worshipper of Zin the Law-Giver
   599 | D:2      | Reached * piety under Zin
   599 | D:2      | Reached ** piety under Zin
   599 | D:2      | Reached *** piety under Zin
   685 | D:2      | Reached XP level 3. HP: 25/31 MP: 3/3
  1009 | D:2      | Noticed Terence
  1025 | D:2      | Killed Terence
  1025 | D:2      | Reached XP level 4. HP: 33/38 MP: 4/4
  1527 | D:3      | Reached skill level 6 in Unarmed Combat
  1653 | D:3      | Found a glowing drain.
  1685 | Sewer    | Entered a sewer
  1688 | Sewer    | Noticed Purgy
  1712 | Sewer    | Reached **** piety under Zin
  1844 | Sewer    | Killed Purgy
  1844 | Sewer    | Reached skill level 7 in Unarmed Combat
  1844 | Sewer    | Reached XP level 5. HP: 35/45 MP: 5/5
  1958 | D:3      | Found a radiant altar of Vehumet.
  2237 | D:3      | Found a glowing golden altar of the Shining One.
  2326 | D:4      | Noticed a sky beast
  2343 | D:4      | Reached XP level 6. HP: 22/51 MP: 6/6
  2543 | D:4      | Killed a sky beast
  2543 | D:4      | Reached skill level 8 in Unarmed Combat
  2546 | D:4      | Fell from the grace of Zin
  2548 | D:4      | Gained mutation: Your natural rate of healing is unusually fast. [mutagenic meat]
  2549 | D:4      | Gained mutation: Your mind is acute. (Int +2) [mutagenic meat]
  2550 | D:4      | Gained mutation: You occasionally shout uncontrollably at your foes. [mutagenic meat]
  2551 | D:4      | Gained mutation: You evolve. [mutagenic meat]
  3007 | D:4      | Your scales start taking on a rich purple colour.
  3007 | D:4      | Reached XP level 7. HP: 35/57 MP: 7/7
  3166 | D:4      | Reached skill level 9 in Unarmed Combat
  3287 | D:4      | Quit the game

Vault maps used:
D:1:      kb_arrival_jail, serial_bayou_pond_a
D:2:      ecumenical_altar_2, uniq_terence
D:3:      nicolae_tso_swordbearing_angel, vehumet_crystals,
          gup_sewer_entry_glass
D:4:      cheibriados_altar_wand_db, first_bread
Sewer:    kennysheep_door_sewer

Skill      XL: |  1  2  3  4  5  6  7 |
---------------+----------------------+-----
Unarmed Combat | 5 7 8 9 |  9.3
Fighting       | |  3.2
Dodging        | |  2.6
Stealth        | |  1.7

Action                   |  1- 3 |  4- 6 |  7- 9 || total
-------------------------+-------+-------+-------++-------
Melee: Unarmed           |    93 |   213 |    19 ||   325
 Fire: Blowgun           |       |     8 |       ||     8
Throw: Throwing net      |       |     1 |       ||     1
Invok: Recite            |     1 |       |       ||     1
       Renounce Religion |       |     1 |       ||     1
 Abil: Breathe Dispellin |       |       |     1 ||     1
 Stab: Sleeping          |     2 |     3 |       ||     5
       Held in net/web   |       |     2 |       ||     2
       Distracted        |       |     1 |       ||     1
  Eat: Chunk             |       |    10 |     1 ||    11
